 Dungeon Crawl Stone Soup version 0.29-a0-231-g945431f764 (webtiles) character file.

Game seed: 12339037292988948938

23 YayAnonymity the Chopper (level 3, -1/31 HPs)
             Began as a Hill Orc Abyssal Knight on Feb 28, 2022.
             Was a Follower of Lugonu.
             Slain by a phantom (6 damage)
             ... on level 3 of the Dungeon.
             The game lasted 00:01:56 (2503 turns).

YayAnonymity the Chopper (Hill Orc Abyssal Knight)  Turns: 2503, Time: 00:01:56

Health: -1/31      AC:  3    Str: 17    XL:     3   Next: 0%
Magic:  4/4        EV: 11    Int: 10    God:    Lugonu [*.....]
Gold:   202        SH:  0    Dex: 11    Spells: 2/2 levels left

rFire   . . .      SeeInvis .   a - +1 hand axe
rCold   . . .      Faith    .   (no shield)
rNeg    . . .      Spirit   .   b - +0 leather armour
rPois   .          Reflect  .   (no helmet)
rElec   .          Harm     .   t - scarf {shadows}
rCorr   .          Rampage  .   (no gloves)
Will    .....                   (no boots)
Stlth   +.........              (no amulet)
HPRegen 0.10/turn               (no ring)
MPRegen 0.09/turn               (no ring)

@: no status effects
A: no striking features
a: Renounce Religion, Depart the Abyss


You were on level 3 of the Dungeon.
You worshipped Lugonu.
Lugonu was aware of your devotion.
You visited 1 branch of the dungeon, and saw 3 of its levels.
You visited the Abyss 1 time.

You collected 202 gold pieces.

Inventory:

Hand Weapons
 a - a +1 hand axe (weapon)
 i - a +0 dagger of protection
Missiles
 s - 4 poisoned darts
Armour
 b - a +0 leather armour (worn)
 t - a scarf of shadows (worn)
Scrolls
 c - a scroll of fog {unknown}
 d - a scroll of brand weapon {unknown}
 e - 4 scrolls of identify {unknown}
 j - a scroll of amnesia {unknown}
 m - a scroll of noise {unknown}
 n - a scroll of enchant armour {unknown}
 o - a scroll of teleportation {unknown}
 q - a scroll of vulnerability {unknown}
 w - a scroll of immolation {unknown}
Potions
 f - a potion of flight {unknown}
 g - 2 potions of ambrosia {unknown}
 h - a potion of magic {unknown}
 k - a potion of cancellation {unknown}
 l - a potion of lignification {unknown}
 p - a potion of curing {unknown}
 r - 2 potions of brilliance {unknown}
 u - a potion of attraction {unknown}
 v - a potion of mutation {unknown}


   Skills:
 - Level 3.6 Fighting
 + Level 4.5 Axes
 - Level 2.1 Armour
 - Level 0.7 Dodging
 - Level 2.4 Invocations


You had 2 spell levels left.
You didn't know any spells.
Your spell library was empty.

Dungeon Overview and Level Annotations

Branches:
Dungeon (3/15)

Altars:
Dithmenos


Message History

You hit the phantom.
The phantom is moderately damaged.
The phantom hits you.
You hit the phantom but do no damage.
The phantom is moderately damaged.
The phantom hits you but does no damage.
You closely miss the phantom.
The phantom is moderately damaged.
The phantom hits you.
The phantom blinks!
You blink.
An endoplasm comes into view.
You hit the phantom but do no damage.
The phantom is moderately damaged.
The endoplasm quivers.
The phantom misses you.
You hit the phantom but do no damage.
The phantom is moderately damaged.
The giant cockroach closely misses you. The phantom barely misses you.
Your +0 dagger of protection goes still.
a - a +1 hand axe (weapon)
You barely miss the phantom.
The phantom is moderately damaged.
You hit the adder.
You hit the giant cockroach but do no damage.
The giant cockroach bites you. The phantom hits you. The adder bites you.
* * * LOW HITPOINT WARNING * * *
The giant cockroach bites you.
* * * LOW HITPOINT WARNING * * *
You are too injured to fight recklessly!
You are too injured to fight recklessly!
You barely miss the phantom.
The phantom is moderately damaged.
You hit the adder.
You hit the giant cockroach but do no damage.
The adder barely misses you. The phantom hits you.
* * * LOW HITPOINT WARNING * * *
The phantom blinks!
You blink.
You hit the phantom.
The phantom is heavily damaged.
The phantom hits you.
You die...

#. #. #. #.
##.####
#.....####
#.W@......
###..#...### #
....# #.....
#..##.J###..##.
#.. ##..#..## #
....##.....##
#......B§S......
#...##.........#
# #..#
##..._...##
######


You could see a phantom and an endoplasm.

Vanquished Creatures
  3 endoplasms
  3 goblins
  2 hobgoblins
  2 jackals (D:3)
  A kobold (D:2)
  2 quokkas
  A ball python (D:1)
  A bat (D:1)
  4 frilled lizards
  2 rats
21 creatures vanquished.

Notes
Turn   | Place    | Note
-------+----------+-------------------------------------------
     0 | Abyss:1  | YayAnonymity the Hill Orc Abyssal Knight began the quest
                  | for the Orb.
     0 | Abyss:1  | Reached XP level 1. HP: 19/19 MP: 2/2
   128 | Abyss:1  | Noticed a fire bat
   137 | Abyss:1  | Noticed a neqoxec
   139 | Abyss:1  | Noticed a large abomination
   141 | Abyss:1  | Noticed a chaos spawn
   142 | D:1      | Escaped the Abyss
   299 | D:1      | Reached skill level 3 in Axes
   357 | D:1      | Reached * piety under Lugonu
   767 | D:1      | Reached XP level 2. HP: 1/26 MP: 3/3
  1695 | D:2      | Reached skill level 4 in Axes
  2374 | D:3      | Reached XP level 3. HP: 29/31 MP: 4/4
  2446 | D:3      | Found a faded altar of an unknown god.
  2473 | D:3      | Found a shadowy altar of Dithmenos.
  2474 | D:3      | Noticed a phantom
  2503 | D:3      | Slain by a phantom

Illustrated notes

Levels and vault maps discovered:
D:1:      dpeg_arrival_tiny_g, layout_loops_corners
D:2:      layout_basic, corexii_hall_statues_deadend
D:3:      layout_loops_corners, nicolae_dithmenos_shadow_blocks,
          hellmonk_ecumenical_altar_lost_god, minmay_misc_feat_tower,
          serial_bayou_crossing

Skill      XL: |  1  2 |
---------------+-------+-----
Axes           | 3 4 |  4.5
Fighting       | |  3.6
Armour         | |  2.1
Dodging        | |  0.7
Invocations    | |  2.4

Action                   || total
-------------------------++-------
Melee: Hand axe          ||    49
       Dagger            ||    79
Invok: Depart the Abyss  ||     1
Armor: Leather armour    ||    48
Dodge: Dodged            ||    76

Table legend: (Time is in decaauts)
 A = Elapsed time spent in this place.
 B = Non-inter-level travel time spent in this place.
 C = Inter-level travel time spent in this place.
 D = Time resting spent in this place.
 E = Time spent auto-exploring this place.
 F = Levels seen in this place.
 G = Mean time per level.
                   A        B        C        D        E       F      G
               +--------+--------+--------+--------+--------+-----+--------+
         Total |   2516 |   2276 |    240 |    302 |   1691 |   4 |  629.0 |
       Dungeon |   2374 |   2134 |    240 |    302 |   1564 |   3 |  791.3 |
         Abyss |    142 |    142 |      0 |      0 |    127 |   1 |  142.0 |
               +--------+--------+--------+--------+--------+-----+--------+

Top non-repeatable levels by time:
     D:1: 1458 daAuts
     D:2: 690 daAuts
     D:3: 224 daAuts
 Abyss:1: 142 daAuts
